 Dungeon Crawl Stone Soup version 0.23.1 (webtiles) character file.

Game seed: 9097850367772239992

1855 snowfan the Arsonist (level 8, 0/41 HPs)
             Began as a Deep Elf Fire Elementalist on Mar 19, 2019.
             Was a Follower of Vehumet.
             Slain by a gnoll
             ... wielding a cursed -2 club
              (2 damage)
             ... on level 6 of the Dungeon.
             The game lasted 00:22:30 (7137 turns).

snowfan the Arsonist (Deep Elf Fire Elementalist)   Turns: 7137, Time: 00:22:31

Health: 0/41       AC:  6    Str:  5    XL:     8   Next: 89%
Magic:  9/18       EV: 15    Int: 23    God:    Vehumet [*.....]
Gold:   283        SH:  0    Dex: 15    Spells: 3/18 levels left

rFire    + . .     SeeInvis .   d - +0 whip (elec)
rCold    . . .     Gourm    .   (no shield)
rNeg     . . .     Faith    .   a - +0 robe
rPois    .         Spirit   .   (no helmet)
rElec    .         Reflect  .   h - +0 cloak
rCorr    .         Harm     .   C - +2 pair of gloves
MR       .....                  (no boots)
Stlth    ++........             (no amulet)
HPRegen  0.13/turn              n - ring of protection from fire
MPRegen  0.16/turn              (no ring)

@: no status effects
A: no striking features
a: Renounce Religion


You were on level 6 of the Dungeon.
You worshipped Vehumet.
Vehumet was aware of your devotion.
You were not hungry.

You visited 2 branches of the dungeon, and saw 8 of its levels.

You collected 283 gold pieces.

Inventory:

Hand Weapons
 d - a +0 whip of electrocution (weapon)
 f - a +0 dagger of speed
 j - a +0 blowgun
 z - a +1 hand axe of flaming
Missiles
 k - 38 poisoned needles
 u - 6 curare-tipped needles
Armour
 a - a +0 robe (worn)
 h - a +0 cloak (worn)
 t - a +0 pair of gloves of archery
 C - a +2 pair of gloves (worn)
Jewellery
 n - a ring of protection from fire (left hand)
Wands
 q - a wand of digging (11)
 x - a wand of disintegration (11)
 I - a wand of enslavement (7)
Scrolls
 b - 6 scrolls of identify {unknown}
 e - 3 scrolls of immolation {unknown}
 i - 6 scrolls of remove curse {unknown}
 l - a scroll of fog {unknown}
 m - a scroll of enchant armour {unknown}
 o - a scroll of noise {unknown}
 p - a scroll of teleportation {unknown}
 r - 4 scrolls of amnesia {unknown}
 s - 2 scrolls of random uselessness {unknown}
 y - a scroll of blinking {unknown}
 D - a scroll of silence {unknown}
 E - a scroll of brand weapon {unknown}
Potions
 g - 5 potions of curing {unknown}
 v - 2 potions of mutation {unknown}
 A - 2 potions of agility {unknown}
 B - a potion of might {unknown}
 F - 2 potions of lignification {unknown}
 H - a potion of brilliance {unknown}
Comestibles
 c - 11 rations
 w - a chunk of flesh


   Skills:
 + Level 5.1 Dodging
 - Level 2.4 Stealth
 + Level 5.8 Spellcasting
 + Level 7.6 Conjurations
 + Level 8.8 Fire Magic


You had 3 spell levels left.
You knew the following spells:

 Your Spells              Type           Power        Failure   Level  Hunger
a - Flame Tongue          Conj/Fire      #####        1%          1    None
b - Blink                 Tloc           N/A          13%         2    None
c - Sticky Flame          Conj/Fire      #####...     3%          4    ###....
d - Conjure Flame         Conj/Fire      #####...     1%          3    #......
s - Throw Flame           Conj/Fire      #####.       1%          2    None
x - Inner Flame           Hex/Fire       ####....     4%          3    #......

Your spell library contained the following spells:

 Spells                   Type           Power        Failure   Level  Hunger
 Sting                    Conj/Pois      ###.         1%          1    None
 Magic Dart               Conj           ####         1%          1    None
 Mephitic Cloud           Conj/Pois/Air  ###.....     9%          3    #......
 Call Imp                 Summ           #.......     13%         2    None
 Slow                     Hex            #.......     13%         2    None
 Fireball                 Conj/Fire      #####.....   9%          5    #####..


Dungeon Overview and Level Annotations

Branches:
Dungeon (7/15)             Temple (1/1) D:4

Altars:
Cheibriados
Elyvilon
Fedhas
Gozag
Hepliaklqana
Kikubaaqudgha
Makhleb
Nemelex Xobeh
Okawaru
Qazlal
Sif Muna
Uskayaw
Vehumet
Wu Jian
Xom
Yredelemnul
Zin
The Shining One

Annotations:
D:7 Joseph


Message History

Press: ? - help, Shift-Dir - straight line, f/p - Joseph
Aim: Joseph, wielding a +0 hunting sling and wearing a +3 leather armour of positive energy (moderately wounded)
The puff of flame hits Joseph.
Joseph is heavily wounded.
Joseph says, "You must be punished!
Or...
I want to punish you!"
Joseph shoots a sling bullet.
The sling bullet hits you!
Casting: Throw Flame (safe; 1% risk of failure)
Confirm with . or Enter, or press ? or * to list all spells.
Aiming: Throw Flame (safe; 1% risk of failure)
Press: ? - help, Shift-Dir - straight line, f/p - Joseph
Aim: Joseph, wielding a +0 hunting sling and wearing a +3 leather armour of positive energy (heavily wounded)
The puff of flame misses Joseph.
Joseph shoots a sling bullet.
The sling bullet hits you!
* * * LOW HITPOINT WARNING * * *
Joseph shoots a sling bullet.
The sling bullet hits you!
* * * LOW HITPOINT WARNING * * *
There is a stone staircase leading up here.
You climb upwards.
The jackal barely misses you. x2
The gnoll hits you with a cursed -2 club.
You die...

###### ##.).## #.....#
#.....# #.....# ######.....#
#.........)# #.###.###..#
##.# #.# #g)# #..###'###.@#
#....'_###h.# #..###'###..#
#..# #.# #..# #..###.###..#
#...........############
#.......................
##..........#.##..##########
#.........................#


You could see a gnoll and a jackal.

Vanquished Creatures
  Pikel (D:4)
  Menkaure (D:4)
  3 slaves (D:4)
  A sky beast (D:6)
  2 ice beasts
  An ogre (D:4)
  A centaur (D:6)
  A howler monkey (D:6)
  3 crimson imps (D:5)
  3 hounds
  2 orc priests
  2 jellies (D:6)
  A centaur skeleton (D:4)
  An orc wizard (D:4)
  5 worker ants
  A hound zombie (D:5)
  A hound skeleton (D:5)
  8 adders
  8 gnolls
  A shadow imp (D:6)
  An ooze (D:5)
  2 worms (D:2)
  2 dart slugs
  2 leopard geckos
  12 orcs
  2 ball pythons (D:3)
  7 giant cockroaches
  9 goblins
  6 hobgoblins
  11 jackals
  4 quokkas
  7 bats
  3 frilled lizards
  A giant cockroach zombie (D:5)
  2 gnoll zombies (D:3)
  6 kobolds
  8 rats
132 creatures vanquished.

Vanquished Creatures (others)
  A worker ant (D:4)
1 creature vanquished.

Grand Total: 133 creatures vanquished

Notes
Turn   | Place    | Note
-------+----------+-------------------------------------------
     0 | D:1      | snowfan the Deep Elf Fire Elementalist began the quest for
                  | the Orb.
     0 | D:1      | Reached XP level 1. HP: 10/10 MP: 6/6
    80 | D:1      | Found a sparkling altar of Nemelex Xobeh.
   140 | D:1      | Reached XP level 2. HP: 15/15 MP: 4/8
   208 | D:1      | Reached skill level 4 in Fire Magic
   621 | D:2      | Learned a level 2 spell: Throw Flame
   721 | D:2      | Reached XP level 3. HP: 19/19 MP: 5/9
  1114 | D:2      | Learned a level 3 spell: Conjure Flame
  2101 | D:3      | Reached XP level 4. HP: 24/24 MP: 7/10
  2177 | D:3      | Reached skill level 5 in Fire Magic
  2297 | D:3      | Learned a level 3 spell: Inner Flame
  2475 | D:3      | Found a faded altar of an unknown god.
  2925 | D:3      | Reached XP level 5. HP: 14/28 MP: 2/12
  3297 | D:3      | Found a basalt altar of Yredelemnul.
  3388 | D:3      | Found a blossoming altar of Fedhas.
  3487 | D:4      | Noticed an ogre
  3492 | D:4      | Killed an ogre
  3650 | D:4      | Reached XP level 6. HP: 32/32 MP: 0/13
  3773 | D:4      | Noticed a slave
  3775 | D:4      | Noticed a slave
  3776 | D:4      | Noticed a slave
  3776 | D:4      | Noticed Pikel
  3777 | D:4      | Noticed a slave
  3783 | D:4      | Killed a slave
  3783 | D:4      | Killed a slave
  3783 | D:4      | Killed a slave
  3783 | D:4      | Killed Pikel
  3783 | D:4      | Reached skill level 5 in Spellcasting
  3783 | D:4      | Reached skill level 5 in Conjurations
  3783 | D:4      | Reached skill level 6 in Fire Magic
  3783 | D:4      | Reached XP level 7. HP: 36/36 MP: 2/16
  4003 | D:4      | Learned a level 4 spell: Sticky Flame
  4019 | D:4      | Found a staircase to the Ecumenical Temple.
  4027 | Temple   | Entered the Ecumenical Temple
  4069 | Temple   | Became a worshipper of Vehumet
  4169 | D:4      | Learned a level 2 spell: Blink
  4425 | D:4      | Noticed Menkaure
  4430 | D:4      | Killed Menkaure
  4430 | D:4      | Reached skill level 7 in Fire Magic
  4667 | D:4      | Found a shimmering altar of Xom.
  5008 | D:4      | Reached XP level 8. HP: 26/41 MP: 1/17
  5178 | D:5      | Entered Level 5 of the Dungeon
  5509 | D:5      | Reached skill level 8 in Fire Magic
  5535 | D:5      | Found a basalt altar of Yredelemnul.
  5649 | D:5      | Reached * piety under Vehumet
  5649 | D:5      | Offered knowledge of Sting by Vehumet.
  5843 | D:5      | Found a glowing silver altar of Zin.
  5843 | D:5      | Found a glowing golden altar of the Shining One.
  5844 | D:5      | Found a white marble altar of Elyvilon.
  6435 | D:6      | Found an ornate altar of the Wu Jian Council.
  6684 | D:6      | Reached skill level 5 in Dodging
  6780 | D:6      | Found an iron altar of Okawaru.
  7124 | D:7      | Noticed Joseph
  7131 | D:7      | HP: 2/41 [Joseph/sling bullet (7)]
  7137 | D:6      | Slain by a gnoll

Skill      XL: |  1  2  3  4  5  6  7  8 |
---------------+-------------------------+-----
Fire Magic     | 4 5 6 7 8 |  8.8
Conjurations   | 2 3 5 6 7 |  7.6
Dodging        | 3 4 5 |  5.1
Spellcasting   | 5 |  5.8
Stealth        | |  2.4

Action                   |  1- 3 |  4- 6 |  7- 9 || total
-------------------------+-------+-------+-------++-------
Melee: Unarmed           |     1 |       |       ||     1
       Dagger            |    25 |       |       ||    25
       Whip              |       |       |    62 ||    62
 Fire: Blowgun           |       |     7 |       ||     7
 Cast: Flame Tongue      |    47 |    45 |    75 ||   167
       Throw Flame       |    17 |    23 |    39 ||    79
       Conjure Flame     |       |     6 |    10 ||    16
       Inner Flame       |       |     1 |     8 ||     9
       Blink             |       |       |     1 ||     1
       Sticky Flame      |       |       |     1 ||     1
  Use: Potion            |       |       |     1 ||     1
 Stab: Sleeping          |     1 |       |     2 ||     3
  Eat: Chunk             |     4 |     6 |    11 ||    21
Armor: Robe              |     1 |     1 |    23 ||    25
Dodge: Dodged            |    23 |     6 |    73 ||   102
